 Dungeon Crawl Stone Soup version 0.22.0-27-ga576289601 (webtiles) character file.

92 Flugkiller the Shield-Bearer (level 4, -4/42 HPs)
             Began as a Deep Dwarf Fighter on Aug 23, 2018.
             Slain by an orc warrior
             ... wielding a +0 mace
              (11 damage)
             ... on level 3 of the Dungeon.
             The game lasted 00:00:46 (955 turns).

Flugkiller the Shield-Bearer (Deep Dwarf Fighter)    Turns: 955, Time: 00:00:47

Health: -4/42      AC:  8    Str: 21    XL:     4   Next: 35%
Magic:  3/3        EV:  7    Int:  8    God:
Gold:   22         SH:  9    Dex: 12    Spells: 3/3 levels left

rFire    . . .     SeeInvis .   a - +0 war axe
rCold    . . .     Gourm    .   c - +0 shield
rNeg     . . .     Faith    .   b - +0 scale mail
rPois    .         Spirit   .   (no helmet)
rElec    .         Reflect  .   (no cloak)
rCorr    .         Harm     .   (no gloves)
MR       .....                  e - +0 pair of boots
Stlth    ..........             (no amulet)
HPRegen  0.00/turn              (no ring)
MPRegen  0.08/turn              (no ring)

@: non-regenerating
A: damage resistance, heal wounds, sense surroundings 1, no regeneration
a: Heal Wounds


You were on level 3 of the Dungeon.
You were not hungry.

You visited 1 branch of the dungeon, and saw 3 of its levels.

You collected 22 gold pieces.

Inventory:

Hand Weapons
 a - a +0 war axe (weapon)
Armour
 b - a +0 scale mail (worn)
 c - a +0 shield (worn)
 e - a +0 pair of boots (worn)
Jewellery
 n - a +3 amulet of reflection {unknown}
Scrolls
 h - a scroll of enchant weapon {unknown}
 j - a scroll of fog {unknown}
 k - a scroll of remove curse {unknown}
 p - a scroll of magic mapping {unknown}
Potions
 d - 2 potions of might
 i - 3 potions of curing {unknown}
 l - 2 potions of agility {unknown}
 m - a potion of heal wounds {unknown}
 o - a potion of resistance {unknown}
Comestibles
 f - 3 rations
 g - 8 chunks of flesh


   Skills:
 + Level 3.3 Fighting
 + Level 3.1 Axes
 + Level 4.0 Armour
 + Level 4.0 Shields


You had 3 spell levels left.
You didn't know any spells.
Your spell library was empty.

Dungeon Overview and Level Annotations

Branches:
Dungeon (3/15)

Altars:


Innate Abilities, Weirdness & Mutations

You are resistant to damage.
You can heal yourself by infusing magical energy.
You passively map a small area around you.
You do not regenerate.


Message History

The ogre hits you but does no damage. The orc warrior completely misses you.
You slash the orc priest!
The orc priest is severely wounded.
You closely miss the ogre.
You hit the orc warrior but do no damage.
The orc warrior hits you with a mace. The ogre hits you with a giant club!
You block the orc priest's attack.
The orc warrior hits you but does no damage.
You block the orc priest's attack.
Your shield and scale mail prevent you from hitting the orc priest.
The orc priest is severely wounded.
You barely miss the orc warrior. You closely miss the ogre.
You block the ogre's attack.
The orc priest mumbles some strange prayers to Beogh against you.
Pain shoots through your body! The orc warrior hits you with a mace!
* * * LOW HITPOINT WARNING * * *
You fail to use your ability.
You block the ogre's attack.
The orc priest invokes the aid of Beogh against you.
You struggle to resist.
The orc warrior hits you with a mace!
You die...

####### *.?.....
######### **
.......####.......# *,,
.......#..........# ,
.......#.##.......# ,
.......#(##.......######
,
......O#(####.######....
,
.....go@.......>####....
,
.....Ko#......#.........
.......#...####.#..#....
.##....#...........#....
,
....#.#....###.........
.......#.$..#...........
, ...(
###..#.###......... ,
.... , ..#........#....
*,*#.#...#<.....


You could see an orc warrior, an ogre, an orc priest, a hobgoblin and a kobold.

Vanquished Creatures
  An orc priest (D:3)
  3 adders (D:2)
  A leopard gecko (D:3)
  An orc (D:3)
  A giant cockroach (D:3)
  4 goblins (D:3)
  2 hobgoblins
  7 jackals
  A kobold (D:1)
  2 quokkas
  A ball python (D:2)
  A bat (D:1)
  A frilled lizard (D:2)
  6 rats
32 creatures vanquished.

Notes
Turn   | Place    | Note
-------+----------+-------------------------------------------
     0 | D:1      | Flugkiller the Deep Dwarf Fighter began the quest for the Orb.
     0 | D:1      | Reached XP level 1. HP: 20/20 MP: 1/1
   159 | D:1      | Reached XP level 2. HP: 21/27 MP: 2/2
   481 | D:2      | Reached XP level 3. HP: 34/34 MP: 3/3
   937 | D:3      | Noticed an ogre
   938 | D:3      | Noticed an orc warrior
   949 | D:3      | Reached XP level 4. HP: 42/42 MP: 3/3
   955 | D:3      | Slain by an orc warrior

Skill      XL: |  1  2  3 |
---------------+----------+-----
Fighting       | 3 |  3.3
Axes           | 3 |  3.1
Armour         | 4 |  4.0
Shields        | 4 |  4.0

Action                   |  1- 3 |  4- 6 || total
-------------------------+-------+-------++-------
Melee: War axe           |   110 |     5 ||   115
 Abil: Heal Wounds       |     3 |       ||     3
Armor: Scale mail        |    86 |     4 ||    90
Dodge: Dodged            |    53 |     1 ||    54
Block: Shield            |    85 |    10 ||    95
